 Dungeon Crawl Stone Soup version 0.30.0-5-g1a98f26d00 (webtiles) character file.

Game seed: 3463411309649465069

186 NinjaNoafa the Ruffian (level 5, -4/45 HPs)
             Began as a Ghoul Conjurer on May 10, 2023.
             Slain by a sky beast (5 damage)
             ... on level 4 of the Dungeon.
             The game lasted 00:10:31 (2759 turns).

NinjaNoafa the Ruffian (Ghoul Conjurer)             Turns: 2759, Time: 00:10:32

Health: -4/45      AC:  8    Str: 12 (13) XL:     5   Next: 65%
Magic:  6/6        EV:  6    Int: 13      God:
Gold:   65         SH:  0    Dex:  5 (7)  Spells: 6/7 levels left

rFire   . .          .
                       - Unarmed
rCold   + . .        (no shield)
rNeg    + + +        o - +0 chain mail
rPois   ∞            (no helmet)
rElec   .            (no cloak)
rCorr   .            (no gloves)
SInv    .            (no boots)
Will    .....        (no amulet) Stlth
                     q - ring of flight
HPRegen 0.00/turn    (no ring)
MPRegen 0.10/turn

%: no passive effects
@: mighty, flying, inhibited regen
A: claws 1, cold resistance 1, negative energy resistance 3, inhibited
regeneration, torment resistance 2, devour on kill
a: no special abilities


You were on level 4 of the Dungeon.
You visited 1 branch of the dungeon, and saw 4 of its levels.

You collected 65 gold pieces.

Inventory:

Missiles
 a - 11 poisoned darts
Armour
 o - a +0 chain mail (worn)
Jewellery
 q - a ring of flight (left claw)
Wands
 h - a wand of roots (2)
Scrolls
 c - a scroll of fog {unknown}
 f - a scroll of poison {unknown}
 i - a scroll of amnesia {unknown}
 n - a scroll of teleportation
 r - a scroll of magic mapping {unknown}
 t - 2 scrolls of brand weapon {unknown}
Potions
 b - a potion of magic
 e - 4 potions of curing
 j - a potion of mutation
 l - 2 potions of brilliance {unknown}
 p - 3 potions of flight


   Skills:
 + Level 3.3 Fighting
 - Level 1.7 Dodging
 - Level 2.1 Stealth
 * Level 4.4 Unarmed Combat
 - Level 1.7 Spellcasting
 - Level 3.2 Conjurations


You had 6 spell levels left.
You knew the following spells:

 Your Spells              Type           Power      Damage    Failure   Level
a - Magic Dart            Conj           36%        1d4       90%         1

Your spell library contained the following spells:

 Spells                   Type           Power      Damage    Failure   Level
 Searing Ray              Conj           18%        2d5       97%         2
 Dazzling Flash           Conj/Hex       10%        N/A       100%        3
 Gell's Gravitas          Tloc           1%         N/A       100%        3
 Teleport Other           Tloc           1%         N/A       100%        3
 Fulminant Prism          Conj/Hex       2%         3d5       100%        4
 Iskenderun's Mystic Bla  Conj/Tloc      5%         2d3       100%        4
 Dispersal                Tloc           0%         N/A       100%        6


Dungeon Overview and Level Annotations

Branches:
Dungeon (4/15) Zot: 21265
 Temple: D:4-7

Altars:
Cheibriados


Innate Abilities, Weirdness & Mutations

You are immune to poison.
You have sharp fingernails.
Your flesh is cold resistant. (rC+)
You are immune to negative energy. (rN+++)
You do not regenerate when monsters are visible.
You are immune to unholy pain and torment.
You thrive by killing the living.


Message History

You scratch the sky beast.
The sky beast is lightly wounded.
The sky beast barely misses you.
You scratch the sky beast but do no damage.
The sky beast is lightly wounded.
The sky beast hits you. The sky beast shocks you.
You claw the sky beast!
The sky beast is heavily wounded.
The sky beast hits you but does no damage.
You barely miss the sky beast.
The sky beast is heavily wounded.
The sky beast hits you. The sky beast shocks you.
You closely miss the sky beast.
The sky beast is heavily wounded.
The sky beast hits you. The sky beast shocks you.
* * * LOW HITPOINT WARNING * * *
You barely miss the sky beast.
The sky beast is heavily wounded.
The sky beast hits you.
* * * LOW HITPOINT WARNING * * *
The sky beast shocks you.
* * * LOW HITPOINT WARNING * * *
It was a potion of mutation.
You feel extremely strange.
Your body decomposes!
You feel weakened.
Your body decomposes!
You feel clumsy.
Your body decomposes!
You feel clumsy. The sky beast hits you.
* * * LOW HITPOINT WARNING * * *
The sky beast shocks you.
* * * LOW HITPOINT WARNING * * *
Unknown command.
It was a potion of might.
You feel very mighty all of a sudden. The sky beast hits you.
* * * LOW HITPOINT WARNING * * *
The sky beast shocks you.
You die...

...... .......## #........
...... #>....... .....( .
#........ ...... #.
###........ ...?.. #.
#.......... ...... #..
#.......... ###..# ###..
#.......... ..
......########........##
......$@..............#
.......#.....Y...###........#
............#.#####
#........# .......##....
#........# ......##....
########## ## #........... .
#........... #####...........
...............


You could see a sky beast.

Vanquished Creatures
  A sky beast (D:3)
  2 adders
  2 ufetubi
  A worm (D:3)
  An orc (D:4)
  3 ball pythons
  12 endoplasms
  A giant cockroach (D:1)
  6 goblins
  7 hobgoblins
  3 jackals (D:1)
  3 quokkas (D:1)
  4 bats
  A frilled lizard (D:1)
  4 kobolds
  A rat (D:1)
52 creatures vanquished.

Vanquished Creatures (others)
  A quokka (D:2)
1 creature vanquished.

Grand Total: 53 creatures vanquished

Notes
Turn   | Place    | Note
-------+----------+-------------------------------------------
     0 | D:1      | NinjaNoafa the Ghoul Conjurer began the quest for the Orb.
     0 | D:1      | Reached XP level 1. HP: 14/14 MP: 2/2
   190 | D:1      | Reached skill level 1 in Fighting
   190 | D:1      | Reached skill level 1 in Unarmed Combat
   190 | D:1      | Reached XP level 2. HP: 11/23 MP: 3/3
   276 | D:1      | Found a faded altar of an unknown god.
   938 | D:2      | Reached XP level 3. HP: 22/29 MP: 4/4
   963 | D:2      | Reached skill level 2 in Unarmed Combat
  1590 | D:3      | Found a snail-covered altar of Cheibriados.
  1851 | D:3      | Reached XP level 4. HP: 37/37 MP: 5/5
  1855 | D:3      | Reached skill level 3 in Unarmed Combat
  2215 | D:4      | Noticed a sky beast
  2287 | D:4      | Noticed a sky beast
  2311 | D:4      | Noticed a scorpion
  2342 | D:4      | HP: 1/37 [orc/+0 hand axe (4)]
  2491 | D:3      | Killed a sky beast
  2492 | D:3      | Reached skill level 4 in Unarmed Combat
  2492 | D:3      | Reached XP level 5. HP: 22/45 MP: 6/6
  2759 | D:4      | HP: 1/45 [sky beast (4)]
  2759 | D:4      | Slain by a sky beast

Illustrated notes

Levels and vault maps discovered:
D:1:      dpeg_arrival_simpleton_c, layout_basic,
          dreamdust_ecumenical_altar_angels_and_demons
D:2:      layout_rooms, minmay_between
D:3:      layout_loops_ring, lemuel_round_altar
D:4:      layout_rooms, grunt_temple_overflow_diamond

Skill      XL: |  1  2  3  4 |
---------------+-------------+-----
Fighting       | 1 2 3 |  3.3
Unarmed Combat | 1 2 4 |  4.4
Dodging        | |  1.7
Stealth        | |  2.1
Spellcasting   | |  1.7
Conjurations   | |  3.2

Action                     |  1- 3 |  4- 6 || total
---------------------------+-------+-------++-------
  Melee: Unarmed           |   174 |    66 ||   240
  Evoke: Wand              |       |     1 ||     1
    Use: Scroll            |       |     6 ||     6
         Potion            |       |     5 ||     5
 Armour: Ring mail         |    56 |       ||    56
         Robe              |     1 |       ||     1
         Chain mail        |    13 |    52 ||    65
  Dodge: Dodged            |   106 |    25 ||   131
